 Dungeon Crawl Stone Soup version 0.26-a0-818-g75db068ed4 (webtiles) character file.

Game seed: 14153855575249648202

412 jasper the Slasher (level 6, -3/54 HPs)
             Began as a Palentonga Delver on Nov 14, 2020.
             Slain by an orc warrior
             ... wielding a +0 flail
              (16 damage)
             ... on level 7 of the Dungeon.
             The game lasted 00:04:59 (4572 turns).

jasper the Slasher (Palentonga Delver)              Turns: 4572, Time: 00:05:00

Health: -3/54      AC:  6    Str: 15    XL:     6   Next: 59%
Magic:  6/6        EV:  9    Int: 11    God:
Gold:   83         SH:  0    Dex: 13    Spells: 5/5 levels left

rFire    . . .     SeeInvis +   a - +0 falchion
rCold    . . .     Faith    .   (no shield)
rNeg     . . .     Spirit   .   q - +0 ring mail
rPois    .         Reflect  .   A - +0 helmet
rElec    .         Harm     .   (no cloak)
rCorr    .         Rampage  .   (no gloves)
MR       .....                  (no barding)
Stlth    ++........             (no amulet)
HPRegen  0.18/turn              (no ring)
MPRegen  0.10/turn              (no ring)

@: flying
A: large, rugged brown scales 3, see invisible, deformed body, roll 1, armoured
tail
a: Rolling Charge


You were on level 7 of the Dungeon.
You visited 1 branch of the dungeon, and saw 6 of its levels.

You collected 173 gold pieces.
You spent 90 gold pieces at shops.

Inventory:

Hand Weapons
 a - a +0 falchion (weapon)
 o - a +0 dagger of venom
Missiles
 h - 22 poisoned darts (quivered)
 j - 111 stones
 y - 2 throwing nets
Armour
 b - a +0 leather armour
 q - a +0 ring mail (worn)
 A - a +0 helmet (worn)
Wands
 g - a wand of digging (2)
 i - a wand of polymorph (9)
 B - a wand of iceblast (1)
Scrolls
 c - 3 scrolls of fog
 d - a scroll of magic mapping
 e - 2 scrolls of fear
 f - 4 scrolls of identify {unknown}
 p - 2 scrolls of teleportation {unknown}
 r - a scroll of blinking {unknown}
 t - 2 scrolls of enchant armour {unknown}
 u - a scroll of enchant weapon {unknown}
 v - 3 scrolls of remove curse {unknown}
 z - a scroll of random uselessness {unknown}
 D - a scroll of immolation {unknown}
Potions
 k - a potion of lignification {unknown}
 l - a potion of flight
 m - 2 potions of degeneration {unknown}
 n - a potion of invisibility {unknown}
 s - a potion of curing {unknown}
 w - a potion of mutation {unknown}
 x - a potion of haste
 C - a potion of might {unknown}


   Skills:
 - Level 3.0 Fighting
 + Level 7.1 Long Blades
 - Level 1.5 Dodging
 - Level 3.3 Stealth


You had 5 spell levels left.
You didn't know any spells.
Your spell library was empty.

Dungeon Overview and Level Annotations

Branches:
Dungeon (5/15)
 Temple: D:4-7

Altars:
Elyvilon
Gozag

Shops:
D:4 }


Innate Abilities, Weirdness & Mutations

You are completely covered in rugged brown scales. (AC +3, +7% HP)
You have supernaturally acute eyesight. (SInv)
Armour fits poorly on your strangely shaped body.
You can roll at nearby foes to attack.
You have a long armoured tail.


Message History

Press: ? - help, Shift-Dir - straight line, f/p - orc warrior
Aim: an orc warrior, wielding a +0 flail and wearing a +0 plate armour (moderately wounded)
The mass of ice explodes!
The iceblast engulfs the orc warrior!
The orc warrior is severely wounded.
The iceblast engulfs the orc!
You kill the orc!
You hear an angry hiss.
A shadow imp comes into view.
Evoke which item? (* to show all) (? for menu, Esc to quit)
Aiming: Iceblast
Press: ? - help, Shift-Dir - straight line, f/p - orc warrior
Aim: an orc warrior, wielding a +0 flail and wearing a +0 plate armour (severely wounded)
The mass of ice explodes!
The iceblast engulfs the orc warrior!
The orc warrior is almost dead.
It was a potion of flight.
You feel very buoyant.
You fly up into the air.
A bullfrog zombie comes into view.
The orc warrior hits you with a +0 flail!
You die...

......# #.......
.....###.#.#.#.#.
#......#.#.#.#.#
#.5..#.#.#.#.#
##..)..#.#.#.#
#....o#.#.#.#
#....)c#.#.#
......###o#Z#
......# #.#@#
...... ##.#.#
.....# #.# #.#
..... ..# #.# ...
... #.# .... #..
.!. ..# ... ##


You could see an orc warrior, a centaur, a shadow imp, an orc and a bullfrog
zombie.

Vanquished Creatures
  A howler monkey (D:3)
  A hound (D:4)
  A human skeleton (D:5)
  An orc wizard (D:7)
  Natasha (D:3)
  An iguana (D:4)
  2 worker ants (D:4)
  3 gnolls (D:4)
  5 adders
  2 oozes
  An adder skeleton (D:4)
  4 worms
  4 dart slugs
  3 leopard geckos
  9 orcs
  3 giant cockroaches
  8 goblins
  4 hobgoblins
  10 jackals
  A quokka (D:3)
  10 bats
  4 frilled lizards
  4 kobolds
  A leopard gecko skeleton (D:4)
  A rat (D:3)
85 creatures vanquished.

Notes
Turn   | Place    | Note
-------+----------+-------------------------------------------
     0 | D:5      | jasper the Palentonga Delver began the quest for the Orb.
     0 | D:5      | Reached XP level 1. HP: 20/20 MP: 1/1
    34 | D:5      | Reached skill level 3 in Long Blades
    34 | D:5      | Reached XP level 2. HP: 10/27 MP: 2/2
   286 | D:3      | Reached XP level 3. HP: 27/33 MP: 3/3
   576 | D:3      | Found a white marble altar of Elyvilon.
   595 | D:3      | Reached skill level 4 in Long Blades
  1313 | D:1      | Reached XP level 4. HP: 36/40 MP: 4/4
  2274 | D:3      | Reached skill level 5 in Long Blades
  2556 | D:3      | Noticed Natasha
  2575 | D:3      | Killed Natasha
  2576 | D:3      | Reached XP level 5. HP: 28/48 MP: 5/5
  3134 | D:3      | Noticed Sigmund
  3137 | D:3      | Noticed Sigmund
  3137 | D:3      | Sigmund changed into Sigmund the howler monkey
  3142 | D:3      | Killed Sigmund the howler monkey
  3143 | D:3      | Reached skill level 6 in Long Blades
  3368 | D:4      | Reached XP level 6. HP: 53/54 MP: 6/6
  4059 | D:4      | Reached skill level 7 in Long Blades
  4317 | D:4      | Found Dohos's Gadget Shop.
  4320 | D:4      | Bought a wand of iceblast (5) for 90 gold pieces
  4455 | D:4      | Found an opulent altar of Gozag.
  4563 | D:4      | You fall into a shaft and drop 3 floors!
  4564 | D:7      | Noticed an orc warrior
  4572 | D:7      | Slain by an orc warrior

Illustrated notes

Levels and vault maps discovered:
D:1:      heliophobic_arrival_ceremonial_halls, layout_basic
D:2:      layout_basic
D:3:      minmay_angry_zag, layout_loops_cross, elyvilon_altar_1, uniq_sigmund,
          uniq_natasha
D:4:      layout_layer_cave, nicolae_gozag_cash_rules_everything_around_me,
          lemuel_coloured_pillars_altar, serial_shops, kennysheep_mini_moat,
          grunt_ministairs_7, kennysheep_generic_room_14
D:5:      layout_layer_cave, marbit_many_paths, grunt_qazlal_clouds,
          grunt_temple_overflow_open, temple_pool_b,
          nicolae_ossuary_entry_catacombs, uniq_eustachio
D:7:      layout_layer_cave, minivault_23

Skill      XL: |  1  2  3  4  5  6 |
---------------+-------------------+-----
Long Blades    | 3 4 5 6 7 |  7.1
Fighting       | |  3.0
Dodging        | |  1.5
Stealth        | |  3.3

Action                   |  1- 3 |  4- 6 || total
-------------------------+-------+-------++-------
Melee: Falchion          |    84 |   184 ||   268
       Tailslap          |    13 |    24 ||    37
Throw: Dart              |    15 |    47 ||    62
 Abil: Rolling Charge    |    10 |    12 ||    22
Evoke: Wand              |     1 |     6 ||     7
  Use: Potion            |     2 |     2 ||     4
 Stab: Sleeping          |     2 |     2 ||     4
       Distracted        |     1 |       ||     1
Armor: Leather armour    |    47 |    41 ||    88
       Ring mail         |       |    15 ||    15
Dodge: Dodged            |    47 |    92 ||   139
       Rpst.: Falchion   |    15 |    31 ||    46

Table legend: (Time is in decaauts)
 A = Elapsed time spent in this place.
 B = Non-inter-level travel time spent in this place.
 C = Inter-level travel time spent in this place.
 D = Time resting spent in this place.
 E = Time spent auto-exploring this place.
 F = Levels seen in this place.
 G = Mean time per level.
                   A        B        C        D        E       F      G
               +--------+--------+--------+--------+--------+-----+--------+
         Total |   4565 |   4496 |     69 |    314 |   3570 |   6 |  760.8 |
       Dungeon |   4565 |   4496 |     69 |    314 |   3570 |   6 |  760.8 |
               +--------+--------+--------+--------+--------+-----+--------+

Top non-repeatable levels by time:
     D:3: 1578 daAuts
     D:4: 1226 daAuts
     D:2: 800 daAuts
     D:1: 712 daAuts
     D:5: 239 daAuts
     D:7: 8 daAuts
